Match 31760233
Unlisted

Match 31760233
End
Panzergrenadier Squad
Selects Battlefield Espionage Battlegroup
Panzergrenadier Squad
250 Light Carrier
Selects Intel Disruption Beacon
Construct Light Support Kompanie
2.5-tonne Medical Truck
Fire Support Elements
Selects 250/3 Funkpanzerwagen
Flakvierling Half-track
Construct Mechanized Kompanie
Veteran Squad Leaders
Selects Plunder
254 Reconnaissance Tractor
Construct Panzerarmee Kommand
Marder III Tank Destroyer
Selects Firestorm
Firestorm
Flak 36 Anti-tank Gun Team
Firestorm
Walking Stuka Rocket Launcher
Selects Advanced Ambush Training
Firestorm
Assault Grenadier Squad
Panzergrenadier Squad
Firestorm
Flakvierling Half-track
Selects Operation Skorpion
Firestorm
Firestorm
Flakvierling Half-track
Flak 36 Anti-tank Gun Team
Assault Grenadier Squad
Firestorm
Firestorm
Flak 36 Anti-tank Gun Team
Assault Grenadier Squad
254 Reconnaissance Tractor
Firestorm
Assault Grenadier Squad
Firestorm
Advanced Field Repairs
Armored Reserves
Walking Stuka Rocket Launcher
BlightTown's MOST WANTED
AzerZ
Inkogny
Teamphun
Bad Santa
N @ V @ D @
gUi
rodrigo.eisen895
0
0

Comments sign in to comment!

No comments posted yet!